Map: Alcyone LE

Players

Lambo - Winner!

  • Race: Zerg Zerg
  • League: Grandmaster
  • Spawn Location: 1:00

Nicoract

  • Race: Terran Terran
  • League: Grandmaster
  • Spawn Location: 7:00

VOD

Have the link to the VOD?

Description

Time

  • Played on: June 25, 2024, 10:44 a.m.
  • Length: 10:34
Show
View Real Time Build Order
Export as new Build Order

Lambo Zerg - Winner!

Build Orders: Hatch First 

Get SALT Encoding   

  12  0:00  Drone  
  13  0:12  Overlord  
  13  0:17  Drone  
  14  0:31  Drone x2  
  16  0:48  Hatchery  
  15  0:51  Drone  
  15  0:55  Drone  
  17  0:58  Drone  
  18  1:09  Extractor  
  17  1:13  Spawning Pool  
  17  1:16  Drone  
  17  1:19  Drone  
  18  1:28  Drone  
  19  1:38  Drone  
  20  1:49  Drone  
  21  2:00  Queen x2  
  25  2:02  Zergling x2  
  25  2:03  Zergling x2  
  27  2:11  Overlord, Drone  
  28  2:22  Hatchery  
  27  2:25  Drone  
  29  2:30  Drone  
  28  2:43  Queen  
  28  2:45  Metabolic Boost, Drone  
  28  2:47  Drone  
  30  2:52  Overlord  
  30  2:54  Drone  
  30  2:56  Drone  
  32  2:59  Drone  
  32  3:04  Drone x2  
  35  3:10  Queen  
  37  3:13  Drone x2  
  37  3:16  Zergling x2  
  37  3:18  Drone  
  41  3:23  Drone  
  42  3:30  Drone  
  42  3:31  Overlord  
  42  3:33  Queen  
  45  3:36  Queen  
  47  3:41  Drone  
  47  3:43  Drone  
  47  3:47  Overlord  
  49  3:50  Queen  
  49  3:55  Drone x4  
  55  3:56  Drone  
  55  3:57  Drone  
  55  4:00  Overlord  
  57  4:05  Drone x3  
  60  4:10  Queen  
  60  4:15  Drone x3  
  65  4:20  Drone x3  
  68  4:26  Drone x3  
  68  4:28  Drone  
  72  4:33  Hatchery  
  72  4:37  Lair  
  71  4:39  Overlord  
  71  4:40  Extractor  
  71  4:41  Overlord  
  71  4:44  Overlord  
  70  4:46  Overlord  
  70  4:52  Spore Crawler x3  
  67  4:57  Overlord  
  67  4:59  Baneling Nest  
  66  5:02  Zergling x4  
  66  5:03  Zergling x8  
  72  5:09  Zergling x4  
  72  5:13  Drone x6  
  80  5:19  Evolution Chamber  
  77  5:25  Drone  
  77  5:26  Drone x5  
  80  5:29  Drone x2  
  80  5:34  Drone  
  79  5:38  Overseer  
  79  5:39  Drone x4  
  83  5:43  Drone x4  
  83  5:44  Drone x2  
  89  5:53  Drone x2  
  91  5:59  Hydralisk Den, Drone x2, Evolution Chamber  
  91  6:01  Extractor, Evolution Chamber  
  91  6:02  Extractor x2  
  91  6:03  Extractor, Drone x2  
  88  6:06  Drone x3  
  88  6:09  Drone x5  
  96  6:11  Spore Crawler  
  96  6:14  Centrifugal Hooks  
  96  6:15  Drone  
  96  6:18  Drone x2  
  98  6:21  Drone x4  
  98  6:22  Hatchery  
  102  6:32  Drone  
  102  6:33  Drone  
  102  6:34  Zergling x10  
  102  6:36  Zerg Melee Weapons Level 1, Zerg Ground Armor Level 1  
  108  6:41  Drone x4  
  108  6:42  Extractor  
  108  6:43  Zergling x2  
  108  6:45  Overlord x3  
  112  6:47  Infestation Pit  
  112  6:48  Overlord  
  112  6:50  Pneumatized Carapace  
  112  6:53  Overlord x2  
  111  6:54  Overlord  
  111  6:55  Zergling x2  
  112  7:05  Hydralisk x5  
  122  7:09  Hydralisk x2  
  122  7:10  Zergling x8  
  130  7:16  Zergling x14  
  130  7:18  Grooved Spines  
  130  7:19  Drone  
  130  7:21  Drone x2  
  140  7:26  Baneling x5  
  140  7:29  Zergling x6  
  143  7:31  Drone  
  143  7:35  Zergling x10  
  149  7:37  Hive  
  149  7:44  Zergling x8  
  153  7:45  Spore Crawler  
  153  7:49  Zergling x14  
  157  7:54  Overseer  
  157  7:58  Zergling x10  
  162  8:02  Zergling x8  
  166  8:08  Muscular Augments  
  166  8:14  Overlord  
  166  8:15  Overlord x2  
  165  8:21  Baneling  
  165  8:22  Baneling x13  
  164  8:27  Baneling x7  
  164  8:28  Overlord  
  164  8:32  Overlord  
  161  8:34  Zergling x34  
  161  8:38  Zergling x2  
  179  8:42  Zergling x6  
  179  8:43  Overlord  
  179  8:44  Overlord  
  182  8:50  Viper  
  182  8:51  Viper x2  
  182  8:53  Hydralisk x3  
  197  8:57  Baneling x3, Zergling x2  
  198  9:03  Baneling x4  
  198  9:07  Zergling x12  
  195  9:11  Zergling x10  
  195  9:12  Overlord  
  199  9:23  Zergling x10  
  199  9:25  Zergling x2  
  199  9:26  Zergling x2  
  196  9:31  Baneling x11  
  196  9:35  Zergling x8  
  193  9:51  Zergling x50  
  170  9:58  Hydralisk x3  
  170  9:59  Zergling x4  
  164  10:02  Overseer  
  164  10:03  Zergling x4  
  164  10:04  Zergling x2  
  164  10:05  Baneling x6  
  164  10:06  Zergling x2  
  167  10:07  Zergling x2  
  167  10:08  Baneling, Zergling x4  
  167  10:09  Baneling x5  
  167  10:10  Zergling x2  
  167  10:12  Zergling x12  
  167  10:13  Baneling  
  167  10:14  Baneling x10  
  173  10:16  Zergling x6  
  173  10:17  Baneling  
  173  10:18  Baneling x4  
Show
View Real Time Build Order
Export as new Build Order

Nicoract Terran 

Build Orders: Reaper Expand, Hellion Banshee 

Get SALT Encoding   

  12  0:00  SCV  
  13  0:12  SCV  
  14  0:16  Supply Depot  
  14  0:25  SCV  
  15  0:38  SCV  
  15  0:39  Barracks  
  16  0:43  Refinery  
  16  0:50  SCV  
  17  1:02  SCV  
  18  1:14  SCV  
  19  1:26  Reaper  
  19  1:27  Orbital Command  
  20  1:37  Command Center  
  20  1:47  Supply Depot  
  20  1:52  SCV  
  21  1:58  Marine  
  22  2:03  Factory  
  22  2:04  SCV  
  23  2:17  SCV  
  23  2:21  Barracks Reactor  
  24  2:29  SCV  
  25  2:41  SCV  
  25  2:42  Command Center  
  26  2:51  Orbital Command  
  26  2:53  SCV  
  27  2:58  Starport  
  27  3:03  Refinery  
  27  3:06  SCV  
  30  3:13  Hellion x2  
  30  3:15  Barracks Tech Lab  
  30  3:17  SCV  
  30  3:19  SCV  
  34  3:33  SCV x2  
  36  3:34  Hellion  
  36  3:35  Hellion  
  40  3:45  SCV x2, Marine  
  40  3:46  Banshee  
  46  3:54  Orbital Command  
  46  3:57  SCV x2  
  46  3:58  Cloaking Field  
  48  4:03  Hellion x2  
  48  4:06  Barracks Tech Lab  
  48  4:09  SCV x2  
  54  4:21  SCV x2  
  56  4:25  Marine, Supply Depot x2  
  56  4:27  Hellion x2  
  61  4:39  Stimpack  
  61  4:46  Banshee  
  61  4:47  SCV x3, Marine  
  68  4:57  Barracks  
  68  4:58  Supply Depot, Barracks  
  68  4:59  SCV x3, Factory Reactor, Supply Depot  
  71  5:06  Engineering Bay  
  71  5:07  Engineering Bay  
  71  5:08  Marine  
  72  5:17  SCV x2  
  72  5:26  Marine  
  67  5:33  SCV  
  67  5:34  SCV  
  60  5:38  Orbital Command  
  60  5:39  Terran Infantry Weapons Level 1, Terran Infantry Armor Level 1  
  60  5:42  Barracks  
  60  5:43  Barracks  
  60  5:44  Marine, Refinery  
  60  5:45  Refinery  
  60  5:46  SCV x2  
  60  5:47  Starport Reactor  
  60  5:49  Marine x2  
  65  6:02  Marine, Barracks  
  65  6:03  Barracks  
  66  6:04  SCV x2  
  66  6:05  Barracks  
  66  6:10  Marine x4  
  72  6:15  Siege Tank  
  72  6:18  SCV x3  
  77  6:20  Combat Shield, Marine  
  79  6:30  Supply Depot  
  79  6:31  Barracks Reactor x2, Supply Depot  
  79  6:33  Marine x3  
  79  6:35  Marine  
  79  6:37  Marine  
  79  6:39  SCV x3  
  87  6:43  Medivac x2  
  91  6:50  Supply Depot x3  
  91  6:55  Marine  
  91  6:56  Marine x3  
  91  6:57  Siege Tank  
  91  6:58  Barracks Reactor  
  91  7:00  Marine x3  
  101  7:10  Marine, Supply Depot  
  101  7:11  Marine x3, Supply Depot  
  101  7:13  Marine x3  
  108  7:17  Medivac x2  
  108  7:21  Supply Depot  
  108  7:22  Supply Depot  
  112  7:25  Barracks Reactor  
  112  7:26  Barracks Reactor  
  113  7:30  SCV x2, Supply Depot  
  113  7:31  Supply Depot  
  113  7:34  Marine x6  
  120  7:37  Marine  
  120  7:40  Marine  
  120  7:41  Marine x2  
  124  7:44  Siege Tank  
  124  7:50  Marine  
  127  7:52  Marine x5  
  127  7:58  Marine  
  133  8:01  Marine x5  
  133  8:03  Medivac x2, Marine  
  133  8:04  Marine x2  
  145  8:13  Marine x6  
  145  8:15  Marine  
  152  8:24  Marine x6  
  158  8:28  Marine x2, Siege Tank  
  158  8:30  Marine  
  158  8:31  Marine x3  
  158  8:33  Medivac  
  169  8:46  Marine  
  169  8:47  Marine x10  
  180  8:48  Marine  
  180  8:51  Supply Depot  
  180  8:52  Supply Depot  
  181  9:09  Marine  
  181  9:12  Medivac x2, Marine x4  
  181  9:14  Siege Tank  
  181  9:15  Marine  
  181  9:16  Marine x4  
  197  9:21  Marine  
  193  9:31  Marine x4  
  197  9:41  Marine x4  
  191  9:46  Siege Tank  
  147  9:53  Marine x8  
  147  9:55  Medivac x2  
  147  9:56  Marine x3  
  147  9:59  Marine x4  
  137  10:11  Marine x8  
  137  10:13  Marine  
  137  10:14  Marine x2  
Tags
 
Add a new tag
Caveats
  • Supply blocks, unpowered buildings, or Contaminate may cause inaccurate times.
  • Supply counts are checked every 10 seconds.